Minoru, lawful male human Samurai -------- |...<..|############################# |......-#)#)#####------------------.--------------# ----- ----|--.#######*#|.|..-..|..|....|..-..|..|%.|....## #.)..| ##### # #|.|..|..|..|....|..|..|..-..|...|####|...| # #*.--|-----|-.....-|-----|----....####|...| # # %|........[..............|.......|# ##....| ----- # ###|..|---|----....[..-|--------...|# #|...| ....| #*#|.|..|..|..|........0|.0|...|...|####|...| |...| ### #|.|.....|..|.......|.._.|......I|## #----- ....| # #..........+-.......|.(?.|.(.|...-#######YZ# |..>| # ### #|..................|).[*....-..I| @ |...| ------.-- # #|.--------|------.-------.--|...| ########-...| |........###########|.|....|...|....-.|....|(...|...| ----- |.......| # |.|....|...|....|.|....|(..(|...| |.......|### |.|....|...|....|.|...0|....|...| |.......+# |.--|------------.----_---|--...| --------- |........%......................| --------------------------------- Minoru the Ninja Experience level: 8 Strength: 12 Dexterity: 15 Constitution: 18 Intelligence: 10 Wisdom: 11 Charisma: 7 Health: 0(85) Energy: 35(35) AC: -2 Gold: 0 Moves: 6158 Your Inventory: Weapons a - an uncursed thoroughly rusty +0 katana (weapon in hand) b - an uncursed +3 wakizashi c - an uncursed +0 yumi (alternate weapon; not wielded) t - 13 [uncursed] poisoned [+0] orcish arrows z - an uncursed [+0] arrow [of frost] N - 33 uncursed [+0] arrows (in quiver) Armor e - an uncursed rustproof +0 splint mail (being worn) g - an uncursed rusty +2 kabuto (being worn) r - an uncursed burnt +0 dwarvish cloak (being worn) S - a blessed +0 pair of iron shoes (being worn) Comestibles f - an uncursed cream pie Potions u - a [cursed] gooey potion [of levitation] Wands s - an uncursed wand of digging [0:5] F - an uncursed wand of magic missile (0:0) Z - an uncursed wand called nothing/cancel/teleport [of make invisible (0:2)] Tools l - an uncursed bag of holding w - an uncursed key [skeleton key] V - an uncursed partly used [tallow] candle (0:13) W - an uncursed [oil] lamp Gems M - an uncursed stone called luckstone/flint [flint] Contents of the bag of holding: 1548 gold pieces an uncursed [+0] long sword 18 uncursed poisoned [+0] orcish arrows 8 uncursed +0 ya 5 uncursed cream pies 4 uncursed gunyoki an uncursed [+0] pick-axe Spells known in the end: Name Level Category Fail Memory a - detect unseen 3 divination 100% [||||||||] b - magic missile 2 attack 100% [||||||||] Your skills at the end: Fighting Skills martial arts [Basic / Master] body armor [Basic / Expert] Weapon Skills short sword [Basic / Expert] long sword [Expert / Expert] bow [Basic / Expert] Spellcasting Skills Final Attributes: You were piously aligned. Hunger level was 949. Your alignment was 40 / 40. Monster difficulty range was 1 - 7. Level difficulty was 6. You resisted poison. You were held by a carnivorous ape. Your luck was zero. You are dead. Vanquished creatures: a vampire a wumpus a giant zombie a quantum mechanic a pyrolisk a large dog a freezing sphere a shocking sphere a large cat an elf mummy a red naga 4 ettin zombies a crocodile a winter wolf cub a panther a leprechaun a scorpion a vampire bat an orc mummy a rust monster a lizard a housecat a jaguar a dust vortex a plains centaur 2 gnome mummies a snake a rope golem 2 soldier ants 18 Uruk-hai 2 rock moles a pony 3 yellow lights a violet fungus 10 gnome lords a kobold mummy a golden naga hatchling a barrow wight 2 elf zombies 2 paper golems 3 dwarves a rabid rat 2 giant bats a monkey an orc zombie 3 dwarf zombies a wererat 3 iguanas 5 killer bees an acid blob 2 hobbits 4 giant rats 6 cave spiders a green mold 59 gnomes 4 Keystone Kops 2 garter snakes 4 gnome zombies 3 geckos 3 jackals 3 goblins 11 sewer rats 3 grid bugs a bat a lichen 4 newts 208 creatures vanquished. Voluntary challenges: You used a wielded weapon 362 times. You read items or engraved 7 times. You put on armor 26 times. You never genocided any monsters. You never polymorphed an object. You never changed form. You used no wishes. You wrote Elbereth's name 2 times. You encountered 1 bones level. You never used any Sokoban shortcuts. Dungeon overview: The Dungeons of Doom: levels 1 to 4 Level 1 an altar, a fountain a long staircase Level 2 a general store Level 3 a general store stairs to The Gnomish Mines The Gnomish Mines: levels 4 to 11 Level 4 stairs to The Dungeons of Doom Level 7 <- You were here many shops, a temple to Amaterasu Omikami, a magic chest History has recorded: On T:1 you entered the Dungeons of Doom to retrieve the Amulet of Yendor! On T:316 you reached level 2 of The Dungeons of Doom. On T:478 you advanced to experience level 2. On T:700 you advanced to experience level 3. On T:750 you reached level 3 of The Dungeons of Doom. On T:828 you reached level 4 of The Dungeons of Doom. On T:830 you advanced to experience level 4. On T:966 you reached level 1 of The Gnomish Mines. On T:1093 you advanced to experience level 5. On T:1284 you advanced to experience level 6. On T:1295 you reached level 2 of The Gnomish Mines. On T:1901 you reached level 3 of The Gnomish Mines. On T:2019 you advanced to experience level 7. On T:2860 you advanced to experience level 8. On T:3313 you reached level 4 of The Gnomish Mines. On T:3330 you reached level 5 of The Gnomish Mines. On T:4053 you advanced to experience level 9. On T:4441 you reached level 6 of The Gnomish Mines. On T:4613 you reached level 7 of The Gnomish Mines. On T:4682 you reached level 8 of The Gnomish Mines. Latest messages: The carnivorous ape just misses! You are being crushed. [HP-7=41] You feel an absence of magical power. The ettin zombie hits! The ettin zombie misses. The carnivorous ape hits! The carnivorous ape misses. You are being crushed. The carnivorous ape hits! (2x) You are being crushed. [HP-15=26] [2 turns] You suddenly fall asleep! The ettin zombie hits! (2x) The carnivorous ape just misses! The carnivorous ape hits! You are being crushed. [HP-10=16] The ettin zombie hits! (2x) The carnivorous ape just misses! The carnivorous ape hits! You are being crushed. You die... (2x) Final status: Sayonara Minoru the Samurai... You died in The Gnomish Mines on dungeon level 6 with 15802 points, and 1548 pieces of gold, after 6158 moves. You were level 8 with a maximum of 85 hit points when you died.